 Dungeon Crawl Stone Soup version 0.22.1-1-ga44c0e5 (webtiles) character file.

74 Lauz the Firebug (level 4, -1/24 HPs)
             Began as a Deep Elf Fire Elementalist on Nov 1, 2018.
             Killed from afar by Natasha (5 damage)
             ... with a magic dart
             ... on level 2 of the Dungeon.
             The game lasted 00:11:08 (2085 turns).

Lauz the Firebug (Deep Elf Fire Elementalist)       Turns: 2085, Time: 00:11:09

Health: -1/24      AC:  2    Str:  5    XL:     4   Next: 9%
Magic:  0/11       EV: 13    Int: 21    God:
Gold:   121        SH:  0    Dex: 15    Spells: 2/10 levels left

rFire    . . .     SeeInvis .   h - +0 dagger
rCold    . . .     Gourm    .   (no shield)
rNeg     . . .     Faith    .   a - +0 robe
rPois    .         Spirit   .   (no helmet)
rElec    .         Reflect  .   (no cloak)
rCorr    .         Harm     .   (no gloves)
MR       .....                  (no boots)
Stlth    ++........             (no amulet)
HPRegen  0.08/turn              (no ring)
MPRegen  0.12/turn              (no ring)

@: very slightly contaminated, slowed, very slow
A: no striking features
a: no special abilities


You were on level 2 of the Dungeon.
You were hungry.

You visited 1 branch of the dungeon, and saw 2 of its levels.

You collected 121 gold pieces.

Inventory:

Hand Weapons
 e - a +0 short sword
 h - a +0 dagger (weapon)
Armour
 a - a +0 robe (worn)
Scrolls
 d - 3 scrolls of teleportation {unknown}
 f - 2 scrolls of enchant weapon {unknown}
Potions
 b - 3 potions of heal wounds {unknown}
 g - a potion of curing {unknown}
Comestibles
 c - 3 rations
 i - a chunk of flesh


   Skills:
 - Level 0.1 Fighting
 + Level 2.7 Dodging
 - Level 2.4 Stealth
 + Level 3.8 Spellcasting
 * Level 2.4 Conjurations
 + Level 4.3 Fire Magic


You had 2 spell levels left.
You knew the following spells:

 Your Spells              Type           Power        Failure   Level  Hunger
a - Flame Tongue          Conj/Fire      ###..        3%          1    None
b - Conjure Flame         Conj/Fire      ###.....     10%         3    ###....
c - Sticky Flame          Conj/Fire      ###.....     30%         4    ####...

Your spell library contained the following spells:

 Spells                   Type           Power        Failure   Level  Hunger
 Throw Flame              Conj/Fire      ###...       4%          2    #......
 Confusing Touch          Hex            #.....       12%         1    None
 Inner Flame              Hex/Fire       ##......     16%         3    ###....
 Confuse                  Hex            #.......     36%         3    ###....
 Gell's Gravitas          Tloc           #.........   36%         3    ###....
 Fireball                 Conj/Fire      ###.......   65%         5    ######.
 Petrify                  Tmut/Erth      #.......     77%         4    ####...
 Metabolic Englaciation   Hex/Ice        #.........   98%         5    ######.
 Yara's Violent Unravell  Hex/Tmut       #.........   98%         5    ######.


Dungeon Overview and Level Annotations

Branches:
Dungeon (2/15)

Altars:
Cheibriados
Sif Muna
Xom
Yredelemnul

Annotations:
D:2 Natasha


Message History

Wield which item (- for none, * to show all)? (? for menu, Esc to quit)
h - a +0 dagger (weapon)
You hit the white imp but do no damage. The white imp closely misses you.
Natasha barely misses you. The white imp gestures at you.
The puff of frost misses you.
The puff of frost hits Natasha.
Natasha claws you.
Casting: Sticky Flame (quite dangerous; 30% risk of failure)
Confirm with . or Enter, or press ? or * to list all spells.
Aiming: Flame Tongue (safe; 3% risk of failure)
Press: ? - help, Shift-Dir - straight line, f - white imp, p - Natasha
Aim: a white imp (summoned)
The flame tongue misses the white imp.
The white imp hits you. The white imp freezes you.
* * * LOW HITPOINT WARNING * * *
Natasha wildly gestures.
Natasha glows brightly for a moment.
Natasha casts a spell at you. The magic dart hits you!
You die...

############.#
#..5@h.......#
#.##########.#
#.#........#
#.#.######.#
#.#.#....#.#
#.#.#.##.#.#
#.#.#.##.#.#
#.#.#......#
#.#.##...P.# #


You could see Natasha and a white imp.

Vanquished Creatures
  3 oozes
  A dart slug (D:1)
  A leopard gecko (D:2)
  3 bats (D:1)
  5 giant cockroaches
  8 hobgoblins
  4 jackals (D:1)
  A quokka (D:2)
  2 ball pythons (D:1)
  3 frilled lizards
  8 goblins
  12 kobolds
  6 rats
57 creatures vanquished.

Notes
Turn   | Place    | Note
-------+----------+-------------------------------------------
     0 | D:1      | Lauz the Deep Elf Fire Elementalist began the quest for the
                  | Orb.
     0 | D:1      | Reached XP level 1. HP: 10/10 MP: 6/6
   184 | D:1      | Reached XP level 2. HP: 3/15 MP: 0/8
   901 | D:1      | Reached skill level 4 in Fire Magic
   901 | D:1      | Reached XP level 3. HP: 19/19 MP: 8/10
  1766 | D:2      | Learned a level 3 spell: Conjure Flame
  1793 | D:2      | Reached XP level 4. HP: 24/24 MP: 8/11
  1806 | D:2      | Learned a level 4 spell: Sticky Flame
  1986 | D:2      | Found a shimmering altar of Xom.
  1988 | D:2      | Found a snail-covered altar of Cheibriados.
  1988 | D:2      | Found a sacrificial altar of Ru.
  1990 | D:2      | Found a deep blue altar of Sif Muna.
  1990 | D:2      | Found a basalt altar of Yredelemnul.
  1990 | D:2      | Found a shimmering altar of Xom.
  2072 | D:2      | Noticed Natasha
  2085 | D:2      | Killed from afar by Natasha

Skill      XL: |  1  2  3 |
---------------+----------+-----
Fire Magic     | 4 |  4.3
Conjurations   | 2 |  2.4
Fighting       | |  0.1
Dodging        | |  2.7
Stealth        | |  2.4
Spellcasting   | |  3.8

Action                   |  1- 3 |  4- 6 || total
-------------------------+-------+-------++-------
Melee: Dagger            |    17 |     1 ||    18
 Cast: Flame Tongue      |    85 |    13 ||    98
  Eat: Chunk             |     2 |     1 ||     3
Armor: Robe              |     8 |       ||     8
Dodge: Dodged            |    32 |     6 ||    38
